 Dungeon Crawl Stone Soup version 0.26-a0-504-g0cf647090d (webtiles) character file.

Game seed: 17151445013114436055

19 Ge0ff the Ruffian (level 2, -1/23 HPs)
             Began as a Barachi Warper on Aug 8, 2020.
             Was an Initiate of Ru.
             Slain by a bullfrog (2 damage)
             ... on level 6 of the Dungeon.
             The game lasted 00:06:49 (1215 turns).

Ge0ff the Ruffian (Barachi Warper)                  Turns: 1215, Time: 00:06:49

Health: -1/23      AC:  9    Str: 12    XL:     2   Next: 75%
Magic:  5/5        EV:  5    Int: 13    God:    Ru [......]
Gold:   0          SH:  0    Dex: 11    Spells: 5/5 levels left

rFire    . . .     SeeInvis .     - Unarmed
rCold    . . .     Faith    .   (no shield)
rNeg     + . .     Spirit   .   F - +1 chain mail
rPois    .         Reflect  .   (no helmet)
rElec    .         Harm     .   G - scarf {shadows}
rCorr    .                      (no gloves)
MR       .....                  (no boots)
Stlth    ..........             E - amulet of the acrobat
HPRegen  0.07/turn              D - ring of positive energy
MPRegen  0.09/turn              (no ring)

@: lethally poisoned (-1 -> -3), can't hop, slow
A: +LOS, swims, slowness 1, strong legs 1
a: Hop, Renounce Religion


You were on level 6 of the Dungeon.
You worshipped Ru.
Ru was noncommittal.
You visited 2 branches of the dungeon, and saw 7 of its levels.

Inventory:

Armour
 a - a +0 leather armour
 F - a +1 chain mail (worn)
 G - a scarf of shadows (worn)
Jewellery
 D - a ring of positive energy (left hand)
 E - an amulet of the acrobat (around neck)
 I - a +6 ring of strength {unknown}
Scrolls
 B - a scroll of blinking


   Skills:
 + Level 2.7 Fighting
 - Level 1.0 Throwing
 - Level 1.2 Armour
 - Level 2.1 Dodging
 + Level 3.3 Unarmed Combat
 - Level 2.1 Spellcasting
   Level 3.2 Translocations


You had 5 spell levels left.
You didn't know any spells.
Your spell library contained the following spells:

 Spells                   Type           Power        Failure   Level
 Blink                    Tloc           N/A          99%         2
 Sting                    Tmut/Pois      #...         100%        1
 Poisonous Vapours        Pois/Air       #.....       100%        2
 Confusing Touch          Hex            #.......     100%        3
 Gell's Gravitas          Tloc           #.........   100%        3
 Ignite Poison            Fire/Tmut/Pois #.......     100%        3
 Lesser Beckoning         Tloc           #.........   100%        3
 Mephitic Cloud           Conj/Pois/Air  #.......     100%        3
 Teleport Other           Tloc           #.......     100%        3
 Olgreb's Toxic Radiance  Pois           #.......     100%        4
 Passage of Golubria      Tloc           N/A          100%        4
 Petrify                  Tmut/Erth      #.......     100%        4
 Metabolic Englaciation   Hex/Ice        #.........   100%        5
 Yara's Violent Unravell  Hex/Tmut       #.........   100%        5


Dungeon Overview and Level Annotations

Branches:
Dungeon (6/15)             Temple (1/1) D:6

Altars:
Ashenzari
Cheibriados
Dithmenos
Elyvilon
Fedhas
Kikubaaqudgha
Okawaru
Qazlal
Ru
Sif Muna
Trog
Vehumet
Wu Jian
Yredelemnul
Zin
The Shining One

Annotations:
D:5 Prince Ribbit


Innate Abilities, Weirdness & Mutations

You can be seen from farther away. (+LOS)
You can swim through water.
You cover ground slowly.
You can hop short distances.


Message History

Boing!
Use which ability? (? or * to list)
Your legs are too worn out to hop. x2
Press: ? - help, Dir - move target cursor Boing!
A bullfrog comes into view.
* * * LOW HITPOINT WARNING * * *
You feel sick.
Found a scroll labeled NUSAUTS VIKAIM.
Use which ability? (? or * to list)
Your legs are too worn out to hop. x2
Press: ? - help, Dir - move target cursor Boing!
You see here a scroll labeled NUSAUTS VIKAIM.
As you read the scroll labeled NUSAUTS VIKAIM, it crumbles to dust.
It is a scroll of enchant armour.
Your +0 chain mail glows green for a moment.
* * * LOW HITPOINT WARNING * * *
You feel sick. The bullfrog hits you.
You die...

............†.........
###........####.......
#........# ########
###.°......#
..............+
######........#
.............#
#.........#
#...@F....#
#.........#
.............+
.###.........#
#.#####..... #. .....
#. ..... ....


You could see a bullfrog.

Vanquished Creatures
  An adder (D:6)
  2 orcs
  A goblin (D:1)
  A hobgoblin (D:1)
  A kobold (D:1)
  A bat (D:2)
  A frilled lizard (D:2)
8 creatures vanquished.

Notes
Turn   | Place    | Note
-------+----------+-------------------------------------------
     0 | D:1      | Ge0ff the Barachi Warper began the quest for the Orb.
     0 | D:1      | Reached XP level 1. HP: 17/17 MP: 3/3
   140 | D:3      | Reached XP level 2. HP: 8/23 MP: 5/5
   205 | D:4      | Noticed an ogre
   211 | D:5      | Entered Level 5 of the Dungeon
   211 | D:5      | Noticed a scorpion
   220 | D:5      | Noticed Prince Ribbit
   271 | D:6      | Noticed a wight
   276 | D:6      | Noticed a wight
   281 | D:6      | Noticed a wight
   281 | D:6      | Noticed a wight
   282 | D:6      | Noticed a wight
   283 | D:6      | Found a staircase to the Ecumenical Temple.
   283 | D:6      | Noticed a wight
   283 | D:6      | Noticed a wight
   288 | Temple   | Entered the Ecumenical Temple
   308 | Temple   | Became a worshipper of Ru the Awakened
  1212 | D:6      | Noticed a bullfrog
  1215 | D:6      | HP: 1/23 [poisoned by an adder]
  1215 | D:6      | Slain by a bullfrog

Illustrated notes

Levels and vault maps discovered:
D:1:      minmay_arrival_four_houses, layout_rooms, kennysheep_decorative_pillar
D:2:      layout_basic, minitemple
D:3:      layout_basic, uniq_robin
D:4:      layout_cave_pods, kennysheep_doodads, chequers_big_river,
          uniq_crazy_yiuf_cottage, uniq_menkaure, uniq_sigmund
D:5:      layout_basic, kennysheep_generic_room_7, uniq_prince_ribbit1
D:6:      layout_basic, temple_pool_b, minmay_misc_feat_columns,
          minmay_misc_feat_encased, minmay_fractal_squares_5
Temple:   lightli_temple_of_artemis

Skill      XL: |  1 |
---------------+----+-----
Unarmed Combat | 3 |  3.3
Fighting       | |  2.7
Throwing       | |  1.0
Armour         | |  1.2
Dodging        | |  2.1
Spellcasting   | |  2.1
Translocations | |  3.2

Action                   || total
-------------------------++-------
Melee: Unarmed           ||    66
       Punch             ||     2
Throw: Boomerang         ||     5
 Abil: Hop               ||    41
  Use: Scroll            ||     3
Armor: Leather armour    ||    19
       Chain mail        ||    31
Dodge: Dodged            ||    41

Table legend: (Time is in decaauts)
 A = Elapsed time spent in this place.
 B = Non-inter-level travel time spent in this place.
 C = Inter-level travel time spent in this place.
 D = Time resting spent in this place.
 E = Time spent auto-exploring this place.
 F = Levels seen in this place.
 G = Mean time per level.
                   A        B        C        D        E       F      G
               +--------+--------+--------+--------+--------+-----+--------+
         Total |   1279 |   1269 |     10 |    468 |    320 |   7 |  182.7 |
       Dungeon |    559 |    559 |      0 |    124 |      0 |   6 |   93.2 |
        Temple |    719 |    709 |     10 |    344 |    320 |   1 |  719.0 |
               +--------+--------+--------+--------+--------+-----+--------+

Top non-repeatable levels by time:
  Temple: 719 daAuts
     D:6: 297 daAuts
     D:2: 99 daAuts
     D:3: 70 daAuts
     D:1: 47 daAuts
     D:5: 30 daAuts
     D:4: 14 daAuts
